 Dungeon Crawl Stone Soup version 0.17-a0-1404-gb8113a6 (webtiles) character file.

750 bal the Ducker (level 7, 0/81 HPs)
             Began as a Demonspawn Gladiator on June 21, 2015.
             Succumbed to a killer bee's poison
             ... on level 5 of the Dungeon.
             The game lasted 00:14:26 (2428 turns).

bal the Ducker (Demonspawn Gladiator)               Turns: 2428, Time: 00:14:26

Health: 0/81       AC: 28    Str: 17    XL:     7   Next: 48%
Magic:  7/7        EV:  5    Int: 10    God:
Gold:   146        SH:  0    Dex: 13    Spells: 0 memorised, 6 levels left

rFire  . . .     SeeInvis .     a - +1 flail (protect)
rCold  + . .     Clarity  .     (armour currently unavailable)
rNeg   + + +     SustAt   .     (no shield)
rPois  +         Gourm    .     (helmet currently unavailable)
rElec  .         Spirit   .     (cloak currently unavailable)
rCorr  .         Warding  .     (gloves currently unavailable)
rMut   .         NoTele   +     (boots currently unavailable)
MR     .....                    (no amulet)
Stlth  +.........               (no ring)
                                l - ring of protection from cold

@: lethally poisoned (0 -> -6), tree-form (expiring), not resistant to hostile
enchantments, very unstealthy
A: (claws 0), repulsion field 2, demonic guardian 1, mutation resistance 1
a: no special abilities


You were on level 5 of the Dungeon.
You were not hungry.
You were a tree.
You visited 1 branch of the dungeon, and saw 5 of its levels.

You collected 146 gold pieces.

Inventory:

Hand weapons
 a - a +1 flail of protection (weapon)
 b - a +0 blowgun
 o - a +0 war axe
 t - a +1 vampiric trident
Missiles
 d - 3 throwing nets
 f - 71 sling bullets
 j - 4 javelins (quivered)
Armour
 c - a +0 helmet (melded)
 q - a +5 chain mail of fire resistance (melded)
Jewellery
 e - an uncursed amulet of clarity {unknown}
 l - a ring of protection from cold (left branch)
 m - an uncursed amulet of regeneration {unknown}
 p - an uncursed ring of protection from cold
 s - an uncursed ring of ice {unknown}
 x - a +2 ring of intelligence {unknown}
Magical devices
 i - a wand of flame (23)
Scrolls
 k - a scroll of identify
 n - a scroll of remove curse
Comestibles
 g - a bread ration
 h - a royal jelly


   Skills:
 + Level 4.1 Fighting
 + Level 4.2(4.5) Axes
 + Level 2.4(3.6) Maces & Flails
 + Level 2.4 Throwing
 + Level 2.6 Armour
 + Level 4.7 Dodging
 + Level 0.4 Stealth


You had 6 spell levels left.
You didn't know any spells.

Dungeon Overview and Level Annotations

Branches:
Dungeon (5/15)
 Temple: D:4-7

Altars:

Annotations:
D:4 Chiseanne's ghost, experienced TrVM


Innate Abilities, Weirdness & Mutations

((You have very sharp fingernails.))
You are surrounded by a moderate repulsion field (EV +3).
A weak demonic guardian rushes to your aid.
You are somewhat resistant to further mutation.


Message History

The killer bee stings you but does no damage. x2
You miss the killer bee.
The killer bee is lightly wounded.
The killer bee barely misses you. x3
You closely miss the killer bee.
The killer bee is lightly wounded.
You feel sick. The killer bee barely misses you. The killer bee stings you.
* * * LOW HITPOINT WARNING * * *
You are lethally poisoned!
The killer bee poisons you!
You hit the killer bee.
The killer bee is moderately wounded.
* * * LOW HITPOINT WARNING * * *
You feel sick.
The killer bee stings you but does no damage. x2
The killer bee barely misses you.
You miss the killer bee.
The killer bee is moderately wounded.
Your transformation is almost over.
You die...

#####'' ....... ......g
g...... ..... ##')## #######
####..gg#######))...#
...'..gggy♣55)))[...#
####...g#######)....#
#########''''#############
.........................# g
≈≈≈≈≈≈≈≈≈....≈≈≈≈≈≈≈≈≈≈≈≈####
≈≈≈≈≈≈≈≈≈....≈≈≈≈≈≈≈≈≈≈≈≈≈≈≈≈
≈≈≈≈≈≈≈≈≈....≈g≈≈≈≈≈≈≈≈≈≈≈≈≈≈
.......).....................
########...##########<#


You could see a killer bee, 6 gnolls, a friendly iron imp and a friendly white
imp.

Vanquished Creatures
  A sky beast (D:3)
  The ghost of Oddysee the Conjurer, an average SpCj (D:3)
  A gnoll sergeant (D:5)
  A hound (D:4)
  A worker ant (D:4)
  Terence (D:3)
  A hound skeleton (D:4)
  22 gnolls (D:5)
  6 adders
  3 oozes
  5 worms
  5 giant geckos
  4 orcs (D:3)
  8 bats
  3 giant cockroaches
  6 hobgoblins
  11 jackals
  4 kobolds
  A quokka (D:2)
  3 giant newts
  11 goblins
  6 rats
105 creatures vanquished.

Vanquished Creatures (collateral kills)
  A gnoll shaman (D:5)
  11 gnolls (D:5)
  A rat (D:3)
13 creatures vanquished.

Grand Total: 118 creatures vanquished

Notes
Turn   | Place    | Note
--------------------------------------------------------------
     0 | D:1      | bal the Demonspawn Gladiator began the quest for the Orb.
     0 | D:1      | Reached XP level 1. HP: 16/16 MP: 1/1
   195 | D:1      | Gained mutation: You have sharp fingernails. [demonic ancestry]
   195 | D:1      | Reached XP level 2. HP: 20/23 MP: 2/2
   221 | D:1      | Reached skill level 3 in Dodging
   556 | D:2      | Gained mutation: A weak demonic guardian rushes to your aid. [demonic ancestry]
   556 | D:2      | Reached XP level 3. HP: 17/28 MP: 3/3
   558 | D:2      | Reached skill level 1 in Armour
   699 | D:2      | Gained mutation: You are surrounded by a mild repulsion field (EV +2). [demonic ancestry]
   699 | D:2      | Reached XP level 4. HP: 26/34 MP: 4/4
  1100 | D:3      | Noticed Oddysee's ghost (average SpCj)
  1114 | D:3      | Killed Oddysee's ghost
  1114 | D:3      | Gained mutation: You are surrounded by a moderate repulsion field (EV +3). [demonic ancestry]
  1114 | D:3      | Reached XP level 5. HP: 10/41 MP: 5/5
  1354 | D:3      | Noticed Terence
  1390 | D:3      | Killed Terence
  1525 | D:3      | Found a faded altar to an unknown god.
  1554 | D:3      | Noticed a sky beast
  1571 | D:3      | Killed a sky beast
  1571 | D:3      | Reached skill level 4 in Axes
  1571 | D:3      | Gained mutation: You have very sharp fingernails. [demonic ancestry]
  1571 | D:3      | Reached XP level 6. HP: 38/47 MP: 6/6
  1964 | D:4      | Reached skill level 1 in Maces & Flails
  2069 | D:4      | Gained mutation: You are clumsy. (Dex -2) [potion of mutation]
  2069 | D:4      | Lost mutation: You are clumsy. (Dex -2) [potion of mutation]
  2069 | D:4      | Gained mutation: You are somewhat resistant to further mutation. [potion of mutation]
  2078 | D:4      | Noticed Chiseanne's ghost (experienced TrVM)
  2091 | D:5      | Entered Level 5 of the Dungeon
  2265 | D:5      | Reached XP level 7. HP: 53/53 MP: 7/7
  2426 | D:5      | HP: 1/81 [killer bee (4)]
  2428 | D:5      | Succumbed to a killer bee's poison

Vault maps used:
D:1:      dpeg_arrival_chase
D:3:      ecumenical_altar_1, grunt_ministairs_7, uniq_terence
D:4:      lemuel_crystal_altar, minmay_fountain_box, okawaru_ov_weapons_minmay
D:5:      lemuel_castle_with_subvaults, gammafunk_temple_overflow_pools,
          minmay_temple_entry_junction, first_bread

Action                   |  1- 3 |  4- 6 |  7- 9 || total
-------------------------+-------+-------+-------++-------
Melee: War axe           |   113 |    70 |       ||   183
       Flail             |       |   144 |    99 ||   243
 Fire: Blowgun           |       |     4 |       ||     4
Throw: Javelin           |       |     9 |       ||     9
       Throwing net      |       |     1 |       ||     1
  Use: Potion            |     3 |     3 |     1 ||     7
       Scroll            |       |    10 |       ||    10
  Eat: Pizza             |       |     1 |       ||     1
       Bread ration      |       |     1 |       ||     1
